 Dungeon Crawl Stone Soup version 0.31-a0-435-g2c6fae2916 (webtiles) character file.

Game seed: 2761693721017420062

2170 CraigForest the Grappler (level 9, -1/62 HPs)
             Began as a Merfolk Shapeshifter on Aug 1, 2023.
             Was an Elder of Jiyva.
             Slain by an ogre
             ... wielding a +0 giant spiked club
              (3 damage)
             ... on level 6 of the Dungeon.
             The game lasted 00:17:57 (5470 turns).

CraigForest the Grappler (Merfolk Shapeshifter)     Turns: 5470, Time: 00:17:58

Health: -1/62      AC:  9    Str: 19    XL:     9   Next: 32%
Magic:  9/9        EV: 11    Int:  7    God:    Jiyva [****..]
Gold:   309        SH:  0    Dex: 21    Spells: 8/8 levels left

rFire   . .          .
                       - Unarmed
rCold   + . .        (no shield)
rNeg    . . .        h - +0 chain mail
rPois   .            (helmet currently unavailable)
rElec   .            (cloak currently unavailable)
rCorr   +            (gloves currently unavailable)
SInv    +            (boots currently unavailable)
Will    .....        (no amulet) Stlth
                     n - ring of see invisible
HPRegen 1.58/turn    b - +6 ring of dexterity
MPRegen 0.51/turn

%: clarity
@: mighty, about to teleport, beast-form
A: beast (slay +4), (nimble swimmer 2), mertail, horns 1, clarity, cold
resistance 1, wild magic 3
a: Begin Untransformation, Renounce Religion, Oozemancy, Slimify


You were on level 6 of the Dungeon.
You worshipped Jiyva.
Jiyva was greatly pleased with you.
You were a hulking beast.
You visited 1 branch of the dungeon, and saw 6 of its levels.
You also visited: Sewer and Ossuary.

You collected 309 gold pieces.

Inventory:

Hand Weapons
 l - a +2 whip of flaming
Missiles
 i - 5 boomerangs
 t - 13 poisoned darts
Armour
 a - a +0 animal skin
 d - a +0 ring mail
 h - a +0 chain mail (worn)
 m - a +2 robe of fire resistance
 o - a +0 buckler
Jewellery
 b - a +6 ring of dexterity (right hand)
 g - a ring of wizardry
 n - a ring of see invisible (left hand)
 r - a ring of protection from fire
Talismans
 c - a beast talisman (active)
Wands
 j - a wand of iceblast (7)
Scrolls
 k - a scroll of teleportation
 q - a scroll of identify
Potions
 e - 2 potions of cancellation
 f - 6 potions of might
 p - 2 potions of curing {unknown}
 s - 2 potions of enlightenment {unknown}
 u - 3 potions of magic
 v - a potion of mutation {unknown}
 w - a potion of haste {unknown}
 x - a potion of brilliance {unknown}


   Skills:
 + Level 2.6 Fighting
 + Level 4.1 Armour
 + Level 5.0 Dodging
 + Level 9.8 Unarmed Combat
 + Level 6.9 Shapeshifting


You had 8 spell levels left.
You didn't know any spells.
Your spell library contained the following spells:

 Spells                   Type           Power      Damage    Failure   Level
 Slow                     Hex            0%         N/A       99%         1
 Blink                    Tloc           0%         N/A       100%        2
 Lesser Beckoning         Tloc           0%         N/A       100%        2
 Momentum Strike          Conj/Tloc      0%         3d8       100%        2
 Confusing Touch          Hex            0%         N/A       100%        3
 Portal Projectile        Hex/Tloc       0%         N/A       100%        3
 Tukima's Dance           Hex            0%         N/A       100%        3
 Vampiric Draining        Necr           0%         2d6       100%        3
 Iskenderun's Mystic Bla  Conj/Tloc      0%         2d3       100%        4


Dungeon Overview and Level Annotations

Branches:
Dungeon (6/15)             Temple (0/1) D:6           Sewer (visited)
Ossuary (visited)

Altars:
The Shining One
Jiyva

Annotations:
D:6 lunkers's ghost, novice MeSh


Innate Abilities, Weirdness & Mutations

You are a hulking beast.
Your limbs bulge with bestial killing power. (Slay +4)
((You are very nimble when in or above water. (Stealth+, EV+, Speed+++)))
Your lower body shifts to a powerful aquatic tail in water.
You have a pair of small horns on your head.
You possess an exceptional clarity of mind.
Your flesh is cold resistant. (rC+)
Your spells are much harder to cast, but much more powerful.


Message History

Lunkers's ghost hits the jelly.
Lunkers's ghost is burned by acid!
The jelly barely misses lunkers's ghost.
Jiyva gurgles merrily.
There is an open translucent gate here.
You see here a scroll of identify.
q - a scroll of identify The yak completely misses you.
You see here 19 gold pieces.
You now have 309 gold pieces (gained 19).
The yak barely misses you.
The phantom hits you but does no damage.
The yak attacks as you move away! The yak closely misses you.
The ogre misses you. The yak attacks as you move away!
The yak gores you but does no damage. The phantom barely misses you.
The ogre attacks as you move away! The ogre barely misses you.
The ogre hits you with a +0 giant spiked club!!
You punch the phantom! You headbutt the phantom. You punch the phantom.
The phantom is severely damaged.
The phantom hits you but does no damage.
You closely miss the phantom.
The phantom is severely damaged.
Lunkers's ghost is no longer covered in acid.
The ogre hits you with a +0 giant spiked club!
The ogre barely misses you.
Lunkers's ghost hits you but does no damage.
The phantom hits you.
The phantom blinks!
The ogre attacks as you move away! The ogre hits you but does no damage.
The phantom hits you.
The ogre hits you with a +0 giant spiked club!
* * * LOW HITPOINT WARNING * * *
Okay, then.
As you read the scroll of teleportation, it crumbles to dust.
You feel strangely unstable. Lunkers's ghost hits you!
* * * LOW HITPOINT WARNING * * *
The phantom closely misses you.
It was a potion of might.
You feel very mighty all of a sudden.
The ogre hits you with a +0 giant spiked club.
You die...

#..#...O..........#
##.......#
#.###..#########..#
##.######
#......#.......#..# #[#
#.###..#.......#..# #.#
#.# #..#..W....#..# #.#
#.###..#.......#..#####.#
#......#.....YO#.....##.#
#.##...#.....OW#.....##.#
#.##...#.....Wh#.....##.#
#......###'''###........#
####..............#..####
##................#
########...####..#
#.........# #........##
#####.######## #.......#


You could see a yak, 2 ogres, 2 phantoms and lunkers's ghost.

Vanquished Creatures
  Pikel (D:6)
  Prince Ribbit (D:5)
  A water moccasin (D:6)
  A black bear (D:6)
  An ice beast (D:6)
  2 ogres
  A lemure (D:6)
  Blork the orc (D:6)
  A bullfrog (D:6)
  A kobold brigand (D:5)
  The ghost of Tollund the Stinger, an amateur SpVM (D:3)
  2 scorpions
  2 centaur zombies (Ossuary)
  A human zombie (Ossuary)
  4 quasits (D:3)
  An orc priest (D:6)
  A sleepcap (D:4)
  An iguana (D:5)
  An orc wizard (D:6)
  3 ogre zombies (Ossuary)
  6 mummies (Ossuary)
  15 gnolls
  6 adders
  2 white imps (D:6)
  An ufetubus (D:6)
  2 adder zombies (Ossuary)
  2 worms (D:3)
  13 orcs
  7 bats
  3 endoplasms
  6 giant cockroaches
  2 gnoll zombies (Ossuary)
  9 goblins
  15 hobgoblins
  10 jackals
  22 kobolds
  A quokka (D:1)
  8 ball pythons
  5 frilled lizards
  3 goblin zombies (Ossuary)
  2 hobgoblin zombies (Ossuary)
  8 kobold zombies (Ossuary)
  An orc zombie (D:4)
  4 quokka zombies (Ossuary)
  9 rats
  4 rat zombies
194 creatures vanquished.

Vanquished Creatures (others)
  A water moccasin (D:6)
  3 black bears (D:5)
  An ice beast (D:6)
  A centaur (D:6)
  9 jellies
  2 sleepcaps (D:5)
  An orc wizard (D:5)
  A mummy (Ossuary)
  A gnoll (D:5)
  A shadow imp (D:6)
  A white imp (D:6)
  An ufetubus (D:5)
  5 orcs
  A hobgoblin (D:4)
  A kobold (D:4)
30 creatures vanquished.

Grand Total: 224 creatures vanquished

Notes
Turn   | Place    | Note
-------+----------+-------------------------------------------
     0 | D:1      | CraigForest the Merfolk Shapeshifter began the quest for
                  | the Orb.
     0 | D:1      | Reached XP level 1. HP: 15/15 MP: 1/1
   107 | D:1      | Reached XP level 2. HP: 21/21 MP: 2/2
   216 | D:1      | Reached XP level 3. HP: 12/26 MP: 3/3
   538 | D:1      | Reached skill level 4 in Unarmed Combat
  1482 | D:3      | Reached XP level 4. HP: 32/32 MP: 4/4
  1563 | D:3      | Noticed an ogre
  1573 | D:3      | Killed an ogre
  1574 | D:3      | Reached skill level 1 in Armour
  1574 | D:3      | Reached skill level 5 in Shapeshifting
  1574 | D:3      | Reached XP level 5. HP: 5/37 MP: 5/5
  1805 | D:3      | Found a transporter.
  1810 | D:3      | Noticed Tollund's ghost (amateur SpVM)
  1836 | D:3      | Found a faded altar of an unknown god.
  2017 | D:3      | Reached skill level 5 in Unarmed Combat
  2048 | D:3      | Found a transporter.
  2281 | D:3      | Prayed at the altar of an unknown god.
  2281 | D:3      | Became a worshipper of Jiyva Jirokama the Shapeless
  2281 | D:3      | Reached * piety under Jiyva
  2441 | D:3      | Killed Tollund's ghost
  2442 | D:3      | Reached XP level 6. HP: 23/43 MP: 6/6
  2651 | D:4      | Identified the staff "Aptapt" {Contam rCorr Str-3 Int+5
                  | Earth}
  2697 | D:4      | Reached ** piety under Jiyva
  2706 | D:4      | Found a glowing drain.
  2740 | Sewer    | Entered a sewer
  2881 | Sewer    | Reached XP level 7. HP: 49/49 MP: 7/7
  3090 | D:4      | Reached skill level 6 in Unarmed Combat
  3137 | D:4      | Found a sand-covered staircase.
  3152 | Ossuary  | Entered an ossuary
  3559 | Ossuary  | Reached skill level 7 in Unarmed Combat
  3954 | D:5      | Entered Level 5 of the Dungeon
  3970 | D:5      | Reached *** piety under Jiyva
  4031 | D:5      | Gained mutation: Your flesh is cold resistant. (rC+)
                  | [Jiyva's grace]
  4031 | D:5      | Gained mutation: Your flesh is very cold resistant. (rC++)
                  | [Jiyva's grace]
  4031 | D:5      | Gained mutation: Your flesh is almost immune to the effects
                  | of cold. (rC+++) [Jiyva's grace]
  4031 | D:5      | Gained mutation: You possess an exceptional clarity of
                  | mind. [Jiyva's grace]
  4049 | D:5      | Reached XP level 8. HP: 48/56 MP: 8/8
  4069 | D:5      | Noticed Prince Ribbit
  4077 | D:5      | Killed Prince Ribbit
  4169 | D:5      | Found a glowing golden altar of the Shining One.
  4289 | D:5      | Reached **** piety under Jiyva
  4700 | D:6      | Reached skill level 8 in Unarmed Combat
  4780 | D:6      | Noticed Blork the orc
  4781 | D:6      | Noticed Pikel
  4785 | D:6      | Killed Blork the orc
  4789 | D:6      | Killed Pikel
  4790 | D:6      | Reached skill level 5 in Dodging
  4790 | D:6      | Reached skill level 9 in Unarmed Combat
  4790 | D:6      | Reached XP level 9. HP: 55/62 MP: 7/9
  4835 | D:6      | Found a runed translucent gate.
  4836 | D:6      | Found a runed translucent gate.
  4837 | D:6      | Found a runed translucent gate.
  4839 | D:6      | Noticed lunkers's ghost (novice MeSh)
  5058 | D:6      | Lost mutation: Your flesh is almost immune to the effects
                  | of cold. (rC+++) [Jiyva's grace]
  5058 | D:6      | Lost mutation: Your flesh is very cold resistant. (rC++)
                  | [Jiyva's grace]
  5058 | D:6      | Gained mutation: Your spells are a little harder to cast,
                  | but a little more powerful. [Jiyva's grace]
  5058 | D:6      | Gained mutation: Your spells are harder to cast, but more
                  | powerful. [Jiyva's grace]
  5058 | D:6      | Gained mutation: Your spells are much harder to cast, but
                  | much more powerful. [Jiyva's grace]
  5058 | D:6      | Gained mutation: You have a pair of small horns on your
                  | head. [Jiyva's grace]
  5084 | D:6      | Found a staircase to the Ecumenical Temple.
  5469 | D:6      | HP: 1/62 [lunkers's ghost (8)]
  5470 | D:6      | Slain by an ogre

Illustrated notes

Levels and vault maps discovered:
D:1:      psy_arrival_statuary, layout_loops_ring
D:2:      layout_loops_ring, minmay_tromino_v7
D:3:      layout_loops_ring, gammafunk_ghost_stat_death,
          shapermc_ecumenical_altar_venn
D:4:      cheibrodos_greedy_goblins, layout_cave_pools, enter_ossuary_3,
          gup_sewer_entry_glass, chequers_serial_rivers_room_a, st_stairs_7,
          chequers_jeans, hangedman_decor_peaks_small
D:5:      layout_loops_cross, lemuel_round_altar, hangedman_decor_push,
          uniq_prince_ribbit1
D:6:      layout_loops_corners, temple_green, gammafunk_ghost_split, uniq_pikel,
          uniq_blork_the_orc

Skill      XL: |  1  2  3  4  5  6  7  8 |
---------------+-------------------------+-----
Unarmed Combat | 4 5 7 9 |  9.8
Armour         | 1 2 4 |  4.1
Dodging        | 3 4 5 |  5.0
Shapeshifting  | 5 6 |  6.9
Fighting       | 2 |  2.6

Action                     |  1- 3 |  4- 6 |  7- 9 || total
---------------------------+-------+-------+-------++-------
  Melee: Unarmed           |   105 |   136 |   268 ||   509
         Punch             |     3 |     3 |    10 ||    16
         Tailslap          |       |     1 |       ||     1
         Headbutt          |       |       |     1 ||     1
  Throw: Boomerang         |       |     3 |       ||     3
 Invoke: Oozemancy         |       |       |     1 ||     1
  Evoke: Wand              |       |     1 |     3 ||     4
    Use: Potion            |       |     1 |     1 ||     2
         Scroll            |       |       |     9 ||     9
 Armour: Ring mail         |    36 |    83 |    46 ||   165
         Skin              |       |    59 |       ||    59
         Chain mail        |       |       |    26 ||    26
  Dodge: Dodged            |    60 |   156 |   150 ||   366

Table legend: (Time is in decaauts)
 A = Elapsed time spent in this place.
 B = Non-inter-level travel time spent in this place.
 C = Inter-level travel time spent in this place.
 D = Time resting spent in this place.
 E = Time spent auto-exploring this place.
 F = Levels seen in this place.
 G = Mean time per level.
                   A        B        C        D        E       F      G
               +--------+--------+--------+--------+--------+-----+--------+
         Total |   5388 |   5281 |    107 |    270 |   3694 |   8 |  673.5 |
       Dungeon |   4737 |   4630 |    107 |    232 |   3373 |   6 |  789.5 |
         Sewer |    246 |    246 |      0 |     12 |    114 |   1 |  246.0 |
       Ossuary |    404 |    404 |      0 |     26 |    207 |   1 |  404.0 |
               +--------+--------+--------+--------+--------+-----+--------+

Top non-repeatable levels by time:
     D:3: 1085 daAuts
     D:6: 790 daAuts
     D:1: 763 daAuts
     D:5: 708 daAuts
     D:2: 703 daAuts
     D:4: 685 daAuts
 Ossuary: 404 daAuts
   Sewer: 246 daAuts
